 Dungeon Crawl Stone Soup version 0.28-a0-407-g69098e2f6d (webtiles) character file.

Game seed: 15025571302445066003

289453 benadryl the Wrestler (level 19, -23/180 HPs)
             Began as a Troll Hunter on Aug 22, 2021.
             Was the Champion of Hepliaklqana.
             Annihilated by a vault warden (24 damage)
             ... on level 4 of the Vaults on Sept 5, 2021.
             The game lasted 01:59:54 (35052 turns).

benadryl the Wrestler (Troll Hunter)               Turns: 35052, Time: 01:59:55

Health: -23/180    AC: 22    Str: 31    XL:     19   Next: 91%
Magic:  22/22      EV: 10    Int:  7    God:    Hepliaklqana [******]
Gold:   2735       SH: 11    Dex: 10    Spells: 18/18 levels left

rFire   + + .      SeeInvis .     - Unarmed
rCold   . . .      Faith    .   J - +1 kite shield {reflect}
rNeg    . . .      Spirit   .   r - +0 fire dragon scales
rPois   .          Reflect  +   V - +2 hat of Autumn {+Inv rC+ Slay+2}
rElec   .          Harm     .   B - +2 cloak {Will+}
rCorr   .          Rampage  .   (gloves unavailable)
Will    +++..                   (boots unavailable)
Stlth   ..........              U - amulet of regeneration
HPRegen 2.40/turn               i - ring of willpower
MPRegen 0.18/turn               g - +4 ring of protection

@: about to teleport, frozen, very slow
A: reduced essence, large, unfitting armour, claws 3, regeneration 1, shaggy fur
1, tough skin 1
}: 2/15 runes: barnacled, gossamer
a: Renounce Religion, Evoke Invisibility, Recall Ancestor, Ancestor Identity,
Transference, Idealise


You were on level 4 of the Vaults.
You worshipped Hepliaklqana.
Hepliaklqana was exalted by your worship.
You visited 7 branches of the dungeon, and saw 37 of its levels.
You visited 1 bazaar.
You also visited: Gauntlet and Ice Cave.

You collected 4505 gold pieces.
You spent 1770 gold pieces at shops.

Inventory:

Missiles
 c - 25 large rocks (quivered)
 d - 4 throwing nets
 Q - 12 silver javelins
Armour
 r - +0 fire dragon scales (worn)
 B - a +2 cloak of willpower (worn)
 J - a +1 kite shield of reflection (worn)
 V - the +2 hat of Autumn (worn) {+Inv rC+ Slay+2}
   (You acquired it on level 10 of the Dungeon)

   Slay:      It affects your accuracy & damage with ranged weapons and melee
   (+2).
   rC:        It protects you from cold.
   +Inv:      It lets you turn invisible.
Jewellery
 g - a +4 ring of protection (right claw)
 i - a ring of willpower (left claw)
 l - a ring of see invisible
 u - a ring of positive energy
 U - an amulet of regeneration (around neck)
Wands
 b - a wand of charming (22)
 e - a wand of flame (106)
 q - a wand of polymorph (31)
 y - a wand of mindburst (15)
 A - a wand of iceblast (9)
 E - a wand of paralysis (14)
 R - a wand of digging (4)
Scrolls
 k - 2 scrolls of holy word
 p - a scroll of fog
 w - a scroll of torment
 x - 2 scrolls of fear
 z - a scroll of silence
 G - 4 scrolls of amnesia
 I - 2 scrolls of brand weapon
 K - 3 scrolls of enchant weapon
 M - 3 scrolls of teleportation
 N - 2 scrolls of vulnerability
 P - 6 scrolls of identify {@r1}
 Y - 7 scrolls of immolation
 Z - 6 scrolls of enchant armour
Potions
 a - 2 potions of invisibility
 f - 17 potions of curing {@q1}
 h - 9 potions of haste
 j - 3 potions of flight
 m - 7 potions of mutation
 n - 6 potions of ambrosia
 o - 4 potions of lignification
 s - a potion of might
 t - 4 potions of heal wounds
 v - 2 potions of berserk rage
 C - 6 potions of attraction
 H - 4 potions of cancellation
 W - 2 potions of resistance
Miscellaneous
 O - a condenser vane
 S - a piece from Xom's chessboard (15/15)
 T - a phantom mirror


   Skills:
 + Level 15.1 Fighting
 + Level 10.8 Throwing
 - Level 8.5 Armour
 - Level 8.8 Dodging
 - Level 0.3 Stealth
 - Level 9.0 Shields
 * Level 21.3 Unarmed Combat
 - Level 6.6 Invocations
 - Level 9.0 Evocations


You had 18 spell levels left.
You didn't know any spells.
Your spell library contained the following spells:

 Spells                   Type           Power      Damage    Failure   Level
 Animate Skeleton         Necr           0%         N/A       67%         1
 Apportation              Tloc           0%         N/A       67%         1
 Beastly Appendage        Tmut           0%         N/A       67%         1
 Corona                   Hex            0%         N/A       67%         1
 Foxfire                  Conj/Fire      0%         2x1d4     67%         1
 Summon Small Mammal      Summ           0%         N/A       67%         1
 Corpse Rot               Necr/Air       N/A        N/A       82%         2
 Poisonous Vapours        Pois/Air       0%         N/A       82%         2
 Slow                     Hex            0%         N/A       82%         2
 Static Discharge         Conj/Air       0%         N/A       82%         2
 Confusing Touch          Hex            0%         N/A       96%         3
 Dazzling Flash           Conj/Hex       0%         N/A       96%         3
 Inner Flame              Hex/Fire       0%         N/A       96%         3
 Ozocubu's Armour         Ice            0%         N/A       96%         3
 Tukima's Dance           Hex            0%         N/A       96%         3
 Vampiric Draining        Necr           0%         2d6       96%         3
 Airstrike                Air            0%         N/A       100%        4
 Animate Armour           Summ/Erth      0%         N/A       100%        4
 Animate Dead             Necr           0%         N/A       100%        4
 Cause Fear               Hex            0%         N/A       100%        4
 Dispel Undead            Necr           0%         3d6       100%        4
 Hailstorm                Conj/Ice       0%         3d3       100%        4
 Ice Form                 Ice/Tmut       0%         N/A       100%        4
 Iskenderun's Mystic Bla  Conj/Tloc      0%         2d3       100%        4
 Passage of Golubria      Tloc           N/A        N/A       100%        4
 Petrify                  Tmut/Erth      0%         N/A       100%        4
 Sticky Flame             Conj/Fire      0%         2d3       100%        4
 Summon Lightning Spire   Summ/Air       0%         N/A       100%        4
 Agony                    Necr           0%         N/A       100%        5
 Blade Hands              Tmut           0%         N/A       100%        5
 Bolt of Magma            Conj/Fire/Erth 0%         4d4       100%        5
 Borgnjor's Vile Clutch   Necr/Erth      0%         N/A       100%        5
 Freezing Cloud           Conj/Ice/Air   0%         6-21      100%        5
 Lightning Bolt           Conj/Air       0%         1d11      100%        5
 Metabolic Englaciation   Hex/Ice        0%         N/A       100%        5
 Silence                  Hex/Air        0%         N/A       100%        5
 Summon Forest            Summ/Tloc      0%         N/A       100%        5
 Yara's Violent Unravell  Hex/Tmut       0%         3d3       100%        5
 Conjure Ball Lightning   Conj/Air       0%         3x3d6     100%        6
 Death Channel            Necr           0%         N/A       100%        6
 Eringya's Noxious Bog    Tmut/Pois      0%         N/A       100%        6
 Iron Shot                Conj/Erth      0%         9d1       100%        6
 Simulacrum               Ice/Necr       0%         N/A       100%        6
 Starburst                Conj/Fire      0%         6d3       100%        6
 Statue Form              Tmut/Erth      0%         N/A       100%        6
 Haunt                    Necr/Summ      0%         N/A       100%        7
 Ozocubu's Refrigeration  Ice            0%         4d5       100%        7
 Summon Hydra             Summ           0%         N/A       100%        7
 Discord                  Hex            0%         N/A       100%        8
 Infestation              Necr           0%         N/A       100%        8
 Shatter                  Erth           0%         3d5*      100%        9


Dungeon Overview and Level Annotations

Branches:
Dungeon (15/15)            Temple (0/1) D:5            Lair (6/6) D:8
 Shoals (4/4) Lair:4       Spider (4/4) Lair:3        Slime (0/5) Lair:6
    Orc (2/2) D:10            Elf (2/3) Orc:2        Vaults (4/5) D:14
  Crypt (0/3) Vaults:3     Depths (0/5) D:15          IceCv (visited)
Gauntlet (visited)

Altars:
Ashenzari
Cheibriados
Dithmenos
Elyvilon
Fedhas
Gozag
Hepliaklqana
Kikubaaqudgha
Qazlal
Ru
Sif Muna
Trog
Uskayaw
Vehumet
Xom
Yredelemnul
Zin
Beogh
Jiyva
Lugonu

Shops:
D:10 [   D:14 (   D:15 =   Orc:2 ([?=   Elf:2 (

Portals:
Abyss: Shoals:2
Trove: D:15 (give +5 fire dragon scales)

Annotations:
D:8 exclusion: door
Lair:1 2 runed translucent doors, Omoojoath's ghost, journeyman DsGl
Lair:5 exclusion: 2 oklob plants
Shoals:2 1 runed translucent door
Spider:3 1 runed translucent door, Thraspic's ghost, adept OpDe
Elf:2 3 runed translucent doors


Innate Abilities, Weirdness & Mutations

Your life essence is reduced to manifest your ancestor. (-10% HP)
You are too large for most types of armour.
You have claws for hands.
Your natural rate of healing is unusually fast.
You are covered in fur. (AC +1)
You have tough skin. (AC +1)


Message History

The vault warden activates a sealing rune.
A door slams shut!
The vault warden hits Stinky with a +3 great sword of protection!!
Throw: 26 large rocks
Press: ? - help, Q - select action, (/) - cycle Shift-Dir - straight line, f - ironbound thunderhulk, p - vault warden
Aim: an ironbound thunderhulk, wielding a +0 dire flail and wearing a +0 scale mail (heavily wounded, 79% to hit)
You throw a large rock.
The large rock hits the ironbound thunderhulk!
The ironbound thunderhulk is severely wounded.
Stinky hits the vault warden with a +0 lajatang of freezing!!
Stinky freezes the vault warden.
Stinky casts a spell at the vault warden.
The bolt of magma hits the vault warden!
The vault warden hits you with a +4 great sword of electrocution!!
* * * LOW HITPOINT WARNING * * *
You block the ironbound thunderhulk's attack.
The vault warden hits Stinky with a +3 great sword of protection!
Stinky hits the vault warden with a +0 lajatang of freezing!!
Stinky freezes the vault warden!
The vault warden hits you with a +4 great sword of electrocution.
* * * LOW HITPOINT WARNING * * *
The ironbound thunderhulk hits you with a +0 dire flail!
* * * LOW HITPOINT WARNING * * *
Okay, then.
You feel much better.
The ironbound frostheart calls freezing cold from the walls.
The frost grips you!!
* * * LOW HITPOINT WARNING * * *
You are encased in ice.
The frost grips Stinky!
Stinky partially resists.
Stinky is destroyed!
You block the ironbound thunderhulk's attack.
As you read the scroll of teleportation, it crumbles to dust.
You feel strangely unstable.
The ironbound frostheart calls freezing cold from the walls.
The frost grips you!!
* * * LOW HITPOINT WARNING * * *
The vault warden hits you with a +3 great sword of protection!!
You die...

##### #####...#
#####...#...# .
#####...#.>.'...# ##
...p#.pp#...#...##'####.
..eop.(@+...##'###...##.
....#.O.######...#...##.
. ###+##...#.).'...##.
#...#...'...######.
#...#...##)###...#.
#..[#### #...'.?.'.
########'##...'...#...##
......'...#...#...##+###
......'...#...######...#


You could see an orc warlord, 2 vault wardens, an ironbound thunderhulk, a deep
elf annihilator, an ironbound frostheart and an ironbound convoker.

Vanquished Creatures
  Nikola (Spider:3)
  Arachne (Spider:2)
  Gastronok (Lair:2)
  2 sphinxes
  Polyphemus (Shoals:2)
  A tengu reaver (Vaults:2)
  Agnes (Elf:2)
  7 vault wardens
  3 ghost moths (Spider:4)
  5 orc warlords
  6 emperor scorpions
  9 ironbound preservers
  2 war gargoyles (Vaults:2)
  2 very ugly things
  A deep elf demonologist (Elf:2)
  A minotaur (Gauntlet)
  A deep elf annihilator (Elf:2)
  3 entropy weavers
  6 dire elephants
  2 merfolk impalers (Shoals:2)
  Josephine (D:12)
  An ettin (D:15)
  3 hydras
  3 ironbound thunderhulks
  2 peacekeepers
  A boulder beetle (D:12)
  2 merfolk avatars
  7 yaktaur captains
  3 catoblepae
  A centaur warrior (D:15)
  A ghost crab (Gauntlet)
  5 ironbound frosthearts
  2 death knights (D:14)
  5 two-headed ogres
  5 dancing weapons
  A tengu warrior (D:8)
  7 satyrs
  2 merfolk aquamancers
  2 death yaks
  3 orc high priests
  4 ironbound beastmasters
  3 deep elf knights (Elf:1)
  2 hell knights (Vaults:2)
  10 sea snakes
  A skeletal warrior (D:14)
  A deep elf archer (Elf:1)
  25 deep trolls
  10 ironbound convokers
  8 harpies
  A swamp dragon (shapeshifter) (Vaults:4)
  A phantasmal warrior (Vaults:1)
  6 orc knights
  16 deep elf zephyrmancers
  7 wizards
  7 orb spiders (Spider:4)
  5 lindwurms
  2 necromancers
  9 wolf spiders
  17 ugly things
  4 orc sorcerers
  12 manticores
  3 cyclopes
  11 deep elf pyromancers
  14 slime creatures
  8 fauns
  7 vault sentinels
  4 black mambas
  3 merfolk sirens
  2 water nymphs (Shoals:2)
  3 gargoyles
  7 cane toads
  An apocalypse crab (Shoals:1)
  2 torpor snails (Lair:3)
  2 ice statues (IceCv)
  8 komodo dragons
  An unseen horror (D:12)
  Psyche (D:12)
  29 yaktaurs
  5 rime drakes
  Maggie (Lair:2)
  3 freezing wraiths
  An entropy weaver simulacrum (IceCv)
  7 ice devils
  An anaconda simulacrum (IceCv)
  An efreet (D:14)
  A demonic crawler (Lair:3)
  2 meliai (D:15)
  A harpy zombie (Shoals:1)
  9 merfolk
  18 jumping spiders
  3 polar bears
  4 trolls
  A hornet (shapeshifter) (D:14)
  Grinder (D:5)
  A jumping spider (shapeshifter) (Elf:1)
  11 blink frogs
  5 hornets
  A raiju (shapeshifter) (D:15)
  4 wind drakes
  8 dream sheep
  5 snapping turtles
  9 tarantellas
  An air elemental (Elf:1)
  6 wraiths
  2 dire elephant simulacra (IceCv)
  A vampire (D:14)
  2 shadows
  A wyvern (Lair:6)
  31 yaks
  41 redbacks
  3 water elementals (Shoals:1)
  12 basilisks
  Grum (D:8)
  A death yak simulacrum (IceCv)
  3 harpy simulacra (IceCv)
  9 vampire mosquitoes
  4 wargs
  4 acid dragons
  Duvessa (D:5)
  2 swamp worms (Gauntlet)
  6 water moccasins
  57 orc warriors
  An ice beast (D:6)
  A black bear (shapeshifter) (D:14)
  4 black bears
  A necrophage (D:7)
  7 ogres
  8 boggarts
  15 wolves
  A phantom (D:6)
  2 kobold brigands
  5 bullfrogs
  An earth elemental (Elf:1)
  3 scorpions
  A two-headed ogre simulacrum (IceCv)
  A water moccasin skeleton (D:5)
  A killer bee (D:10)
  3 wights (D:8)
  An electric eel (Lair:3)
  3 centaur zombies
  22 orc priests
  7 hounds
  A bullfrog skeleton (D:5)
  A centaur skeleton (D:7)
  3 iguanas
  24 orc wizards
  2 polar bear simulacra (IceCv)
  Terence (D:3)
  3 killer bee zombies
  A howler monkey zombie (D:6)
  7 gnolls
  2 howler monkey skeletons
  A naga simulacrum (IceCv)
  7 adders
  A shadow imp (D:8)
  2 white imps
  An adder skeleton (D:4)
  A dart slug (D:2)
  71 orcs
  4 bats
  10 endoplasms
  4 giant cockroaches
  3 goblins
  10 hobgoblins
  11 jackals
  17 kobolds
  8 quokkas
  2 ball pythons
  4 frilled lizards
  4 rats
  A plant (Shoals:1)
956 creatures vanquished.

Vanquished Creatures (collateral kills)
  A tengu reaver (Vaults:3)
  A vault warden (Vaults:3)
  An emperor scorpion (Spider:4)
  2 ghost moths (Spider:4)
  Ilsuiw (Shoals:2)
  2 ironbound preservers
  A dire elephant (Vaults:1)
  A merfolk impaler (Shoals:1)
  2 boulder beetles
  4 hydras
  2 alligator snapping turtles
  2 merfolk aquamancers (Shoals:2)
  Erica (D:9)
  A satyr (Shoals:4)
  A centaur warrior (D:10)
  2 two-headed ogres
  A death knight (D:14)
  A dancing weapon (Elf:1)
  4 death yaks
  2 ironbound beastmasters
  Sonja (D:12)
  5 deep elf knights (Elf:2)
  7 deep trolls
  3 deep elf archers
  2 ironbound convokers (Vaults:3)
  A bog body (IceCv)
  2 lindwurms
  5 deep elf zephyrmancers
  A necromancer (D:15)
  7 orb spiders
  7 harpies (Shoals:4)
  A harpy (shapeshifter) (D:14)
  2 orc knights (Vaults:3)
  A deep elf pyromancer (Elf:2)
  2 cyclopes (D:13)
  3 wolf spiders
  9 manticores
  3 orc sorcerers (Orc:2)
  A faun (Shoals:3)
  An ugly thing (D:14)
  An elephant (Lair:3)
  2 merfolk sirens
  2 water nymphs
  2 vault sentinels
  A black mamba (Lair:5)
  A cane toad (Lair:6)
  An efreet (D:13)
  3 yaktaurs
  An anaconda simulacrum (IceCv)
  A demonic crawler (Spider:2)
  2 freezing wraiths
  An ice devil (IceCv)
  4 harpy zombies (Shoals:1)
  8 merfolk
  A meliai (D:15)
  4 jumping spiders
  A hornet (Lair:6)
  A troll (D:14)
  5 slime creatures
  9 blink frogs
  7 dream sheep
  A dire elephant simulacrum (IceCv)
  11 redbacks
  2 water elementals
  4 wraiths
  A shadow (D:10)
  8 tarantellas
  A fire elemental (Elf:2)
  7 yaks
  2 basilisks
  A steam dragon (D:7)
  A warg (Orc:2)
  A harpy simulacrum (IceCv)
  A water moccasin (D:6)
  A black bear (D:6)
  An ice beast (D:4)
  A manticore zombie (Shoals:1)
  10 orc warriors
  3 ogres
  6 wolves
  A boggart (D:14)
  2 centaurs
  A phantom (D:4)
  6 bullfrogs
  A scorpion (D:4)
  Dowan (D:5)
  3 wights (D:8)
  2 howler monkeys
  A centaur zombie (D:10)
  6 orc priests
  A gnoll shaman (D:10)
  9 orc wizards
  5 gnolls
  2 adders
  A shadow imp (D:7)
  3 white imps
  A worm (D:3)
  25 orcs
  A ball python (D:4)
  An endoplasm (D:2)
  2 giant cockroaches
  2 hobgoblins
  4 quokkas
  A frilled lizard (D:3)
  4 kobolds
304 creatures vanquished.

Vanquished Creatures (others)
  Donald (Spider:3)
  A yaktaur captain (Vaults:1)
  A wizard (Vaults:1)
  A wolf spider (Spider:3)
  A manticore (Shoals:4)
  2 yaktaurs (Vaults:1)
  A redback (Spider:3)
  2 wights (D:8)
  2 orc wizards (Orc:2)
  37 battlemagi
  An ancestor (D:3)
  An orc (D:8)
  20 fungi
  52 plants
  A withered plant (D:12)
124 creatures vanquished.

Grand Total: 1384 creatures vanquished

Notes
Turn   | Place    | Note
-------+----------+-------------------------------------------
     0 | D:1      | benadryl the Troll Hunter began the quest for the Orb.
     0 | D:1      | Reached XP level 1. HP: 19/19 MP: 0/0
   100 | D:1      | Reached skill level 1 in Unarmed Combat
   104 | D:1      | Reached XP level 2. HP: 28/28 MP: 1/1
   224 | D:1      | Reached skill level 2 in Unarmed Combat
   329 | D:1      | Reached XP level 3. HP: 35/35 MP: 2/2
   391 | D:1      | Found a faded altar of an unknown god.
   447 | D:1      | Became a worshipper of Hepliaklqana the Forgotten
   447 | D:1      | Reached * piety under Hepliaklqana
  1333 | D:2      | Found a snail-covered altar of Cheibriados.
  1452 | D:2      | Reached skill level 3 in Unarmed Combat
  1452 | D:2      | Reached XP level 4. HP: 39/39 MP: 3/3
  1698 | D:3      | Noticed Terence
  1712 | D:3      | Killed Terence
  1985 | D:2      | Reached XP level 5. HP: 43/45 MP: 4/4
  2121 | D:3      | Reached skill level 4 in Unarmed Combat
  2256 | D:3      | Found a shimmering altar of Xom.
  2309 | D:3      | Found a broken altar of Ashenzari.
  2316 | D:3      | Reached ** piety under Hepliaklqana
  2317 | D:3      | Remembered your ancestor Stinky as a battlemage
  2578 | D:3      | Noticed an ogre
  2585 | D:3      | Killed an ogre
  2586 | D:3      | Reached skill level 5 in Unarmed Combat
  2586 | D:3      | Reached XP level 6. HP: 36/54 MP: 5/5
  3229 | D:4      | Reached XP level 7. HP: 59/61 MP: 6/6
  3296 | D:4      | Reached skill level 6 in Unarmed Combat
  3724 | D:4      | Reached skill level 7 in Unarmed Combat
  4125 | D:4      | Found a shadowy altar of Dithmenos.
  4125 | D:4      | Found a stormy altar of Qazlal.
  4269 | D:4      | Reached XP level 8. HP: 59/71 MP: 7/7
  4421 | D:5      | Entered Level 5 of the Dungeon
  4421 | D:5      | Noticed Grinder
  4444 | D:5      | Paralysed by Grinder for 4 turns
  4449 | D:5      | Killed Grinder
  4450 | D:5      | Reached skill level 5 in Fighting
  4450 | D:5      | Reached skill level 8 in Unarmed Combat
  4564 | D:5      | Found a staircase to the Ecumenical Temple.
  4597 | D:5      | Found a glowing drain.
  4807 | D:5      | Reached *** piety under Hepliaklqana
  4868 | D:5      | Reached skill level 9 in Unarmed Combat
  4904 | D:5      | Noticed Duvessa
  4910 | D:5      | Killed Duvessa
  4913 | D:5      | Noticed Dowan
  4915 | D:5      | Killed Dowan
  5265 | D:6      | Reached XP level 9. HP: 58/80 MP: 8/8
  5598 | D:6      | Identified a scroll of acquirement
  5598 | D:6      | Acquired a manual of Unarmed Combat
  5889 | D:6      | Reached skill level 10 in Unarmed Combat
  5948 | D:6      | You fall into a shaft and drop 1 floor!
  6036 | D:7      | Found a glowing silver altar of Zin.
  6113 | D:7      | Reached skill level 11 in Unarmed Combat
  6169 | D:7      | Found a bloodstained altar of Trog.
  6300 | D:7      | Found a white marble altar of Elyvilon.
  6301 | D:7      | Found a hide-covered altar of Uskayaw.
  6413 | D:7      | Found an opulent altar of Gozag.
  6513 | D:6      | Reached skill level 12 in Unarmed Combat
  7212 | D:8      | Found a staircase to the Lair.
  7236 | D:8      | Found a sacrificial altar of Ru.
  7244 | D:8      | Noticed a tengu warrior
  7260 | D:8      | Killed a tengu warrior
  7261 | D:8      | Reached skill level 13 in Unarmed Combat
  7261 | D:8      | Reached XP level 10. HP: 40/91 MP: 3/9
  7547 | D:8      | Reached **** piety under Hepliaklqana
  7584 | D:8      | Noticed Grum
  7597 | D:8      | Killed Grum
  7598 | D:8      | Reached skill level 1 in Shields
  7731 | D:8      | Noticed a two-headed ogre
  7744 | D:8      | Killed a two-headed ogre
  7745 | D:8      | Reached skill level 14 in Unarmed Combat
  7947 | D:8      | Found a shimmering blue altar of Sif Muna.
  8018 | Lair:1   | Entered Level 1 of the Lair of Beasts
  8089 | Lair:1   | Noticed a seven-headed hydra
  8094 | Lair:1   | Killed a seven-headed hydra
  8251 | Lair:1   | Noticed a six-headed hydra
  8255 | Lair:1   | Killed a six-headed hydra
  8256 | Lair:1   | Reached skill level 15 in Unarmed Combat
  8311 | Lair:1   | Reached XP level 11. HP: 89/99 MP: 7/10
  8540 | Lair:1   | Found a large runed translucent door.
  8541 | Lair:1   | Found a large runed translucent door.
  8541 | Lair:1   | Noticed Omoojoath's ghost (journeyman DsGl)
  9180 | Lair:2   | Reached skill level 5 in Shields
  9357 | Lair:2   | Noticed a catoblepas
  9358 | Lair:2   | Noticed Gastronok
  9369 | Lair:2   | Killed a catoblepas
  9379 | Lair:2   | Killed Gastronok
  9383 | Lair:2   | Noticed Maggie
  9391 | Lair:2   | Killed Maggie
  9826 | Lair:2   | Reached XP level 12. HP: 97/110 MP: 9/11
 10216 | Lair:3   | Noticed a four-headed hydra
 10223 | Lair:3   | Killed a five-headed hydra
 10224 | Lair:3   | Reached skill level 16 in Unarmed Combat
 10452 | Lair:3   | Found a hole to the Spider Nest.
 10938 | Lair:3   | Reached ***** piety under Hepliaklqana
 11054 | Lair:3   | Noticed a death yak
 11057 | Lair:3   | Noticed a death yak
 11067 | Lair:3   | Killed a death yak
 11067 | Lair:3   | Noticed a death yak
 11073 | Lair:3   | Killed a death yak
 11077 | Lair:3   | Killed a death yak
 11078 | Lair:3   | Reached skill level 10 in Fighting
 11540 | Lair:4   | Found a gate leading to a gauntlet.
 11552 | Gauntlet | Entered a Gauntlet
 11552 | Gauntlet | Found a transporter.
 11555 | Gauntlet | Found a transporter.
 11557 | Gauntlet | Found a transporter.
 11622 | Gauntlet | Found a transporter.
 11623 | Gauntlet | Found a transporter.
 11632 | Gauntlet | Found a transporter.
 11648 | Gauntlet | Noticed a green death
 11650 | Gauntlet | Found a transporter.
 11657 | Gauntlet | Noticed a catoblepas
 11660 | Gauntlet | Found a transporter.
 11670 | Gauntlet | Found a transporter.
 11674 | Gauntlet | Noticed a ghost crab
 11688 | Gauntlet | Found a transporter.
 11694 | Gauntlet | Found a runed translucent gate.
 11695 | Gauntlet | Found a transporter.
 11695 | Gauntlet | Found a runed translucent gate.
 11696 | Gauntlet | Found a runed translucent gate.
 11697 | Gauntlet | Found a transporter.
 11754 | Gauntlet | Found a transporter.
 11792 | Gauntlet | Killed a ghost crab
 11793 | Gauntlet | Reached XP level 13. HP: 118/121 MP: 9/12
 11962 | Gauntlet | Noticed a minotaur
 11968 | Gauntlet | Killed a minotaur
 11975 | Gauntlet | Got the Tome of Mutagenic Fire
 12102 | Lair:4   | Reached skill level 1 in Evocations
 12599 | Lair:4   | Found a staircase to the Shoals.
 13271 | Lair:4   | Reached skill level 17 in Unarmed Combat
 13883 | Lair:5   | Found a blossoming altar of Fedhas.
 14154 | Lair:6   | Entered Level 6 of the Lair of Beasts
 14304 | Lair:6   | Reached skill level 1 in Invocations
 14498 | Lair:6   | Found a viscous altar of Jiyva.
 14499 | Lair:6   | Found a staircase to the Slime Pits.
 14629 | Lair:6   | Identified the +5 spear "Eteomuitt" {freeze, +Blink rN+
                  | Str-4}
 14676 | Lair:6   | Reached ****** piety under Hepliaklqana
 15335 | D:9      | Noticed Erica
 15342 | D:9      | Killed Erica
 15518 | D:9      | Paralysed by a hornet for 1 turns
 16110 | D:10     | Entered Level 10 of the Dungeon
 16151 | D:10     | Found a staircase to the Orcish Mines.
 16182 | D:10     | Reached XP level 14. HP: 128/131 MP: 13/15
 16248 | D:10     | Acquired the +2 hat of Autumn {+Inv rC+ Slay+2}
 16427 | D:9      | Reached skill level 5 in Throwing
 16697 | D:10     | Found Agali's Antique Armour Shop.
 17662 | D:12     | Noticed Psyche
 17663 | D:12     | Noticed Sonja
 17691 | Orc:1    | Entered Level 1 of the Orcish Mines
 17702 | Orc:1    | You fall into a shaft and drop 1 floor!
 17702 | Orc:2    | Entered Level 2 of the Orcish Mines
 17963 | Orc:2    | Found a staircase to the Elven Halls.
 18086 | Orc:2    | Found Xiar's Jewellery Shop.
 18147 | Orc:2    | Reached skill level 5 in Evocations
 18148 | Orc:2    | Found Fuokhy's Magic Scroll Shop.
 18324 | Orc:2    | Noticed an orc warlord
 18406 | Orc:2    | Found Etufy's Antique Armour Shoppe.
 18409 | Orc:2    | Found Lankucru's Antique Weapon Emporium.
 18530 | Orc:2    | Killed an orc warlord
 18562 | Orc:2    | Noticed an orc warlord
 18588 | Orc:2    | Killed an orc warlord
 18808 | Orc:2    | Noticed an orc warlord
 18838 | Orc:2    | Killed an orc warlord
 18909 | Orc:2    | Got the Reference Book on Cloudy Confrontation
 18989 | Orc:2    | Identified the +4 broad axe of Bautsy {vorpal, SInv}
 19747 | D:12     | Killed Psyche
 19754 | D:12     | Killed Sonja
 20234 | D:12     | Noticed Josephine
 20245 | D:12     | Killed Josephine
 20263 | D:12     | Reached XP level 15. HP: 138/140 MP: 17/17
 20270 | D:12     | Reached skill level 5 in Invocations
 20758 | D:13     | Found a frozen archway.
 20767 | IceCv    | Entered an ice cave
 21388 | D:14     | Reached skill level 18 in Unarmed Combat
 21426 | D:14     | Found Zucitz's Antique Weapon Emporium.
 21565 | D:14     | Found a gate to the Vaults.
 21918 | Shoals:1 | Entered Level 1 of the Shoals
 22339 | Shoals:2 | Noticed Ilsuiw
 22341 | Shoals:2 | Found a flickering gateway to a bazaar.
 22350 | Shoals:2 | Killed Ilsuiw
 22397 | Shoals:1 | HP: 3/142 [something (14)]
 22439 | Shoals:2 | Noticed Polyphemus
 22492 | Bazaar   | Entered a bazaar
 22506 | Bazaar   | Found Qagrob's Jewellery Emporium.
 22523 | Bazaar   | Found Plog's Book Emporium.
 22539 | Bazaar   | Found Gihunk's Distillery.
 22567 | Bazaar   | Bought a potion of heal wounds for 50 gold pieces
 22567 | Bazaar   | Bought a potion of heal wounds for 50 gold pieces
 22567 | Bazaar   | Bought a potion of heal wounds for 50 gold pieces
 22608 | Shoals:2 | Reached XP level 16. HP: 56/150 MP: 19/19
 22849 | Shoals:2 | Found a runed translucent door.
 22856 | Shoals:2 | Found a corrupted altar of Lugonu.
 22856 | Shoals:2 | Found a one-way gate to the infinite horrors of the Abyss.
 22929 | Shoals:2 | Killed Polyphemus
 23581 | Shoals:4 | Entered Level 4 of the Shoals
 23596 | Shoals:4 | Reached skill level 1 in Armour
 24254 | Shoals:4 | Noticed a sphinx
 24254 | Shoals:4 | Noticed a sphinx
 24343 | Shoals:4 | Killed a sphinx
 24355 | Shoals:4 | Got a barnacled rune of Zot
 24498 | Spider:1 | Entered Level 1 of the Spider Nest
 24619 | Spider:2 | Noticed Arachne
 24644 | Spider:2 | Killed Arachne
 24645 | Spider:2 | Reached skill level 19 in Unarmed Combat
 24758 | Spider:4 | Entered Level 4 of the Spider Nest
 24794 | Spider:4 | Got Lehudib's Grimoire of Earth
 24812 | Spider:3 | Noticed Nikola
 24869 | Spider:4 | Paralysed by a hornet for 1 turns
 24888 | Spider:3 | Reached XP level 17. HP: 146/160 MP: 20/20
 25353 | Spider:3 | Noticed Donald
 25355 | Spider:3 | Killed Donald
 25515 | Spider:3 | Killed Nikola
 25602 | Spider:4 | Reached skill level 5 in Dodging
 25914 | Spider:4 | Reached skill level 5 in Armour
 26357 | Spider:4 | Got a gossamer rune of Zot
 26497 | Spider:3 | Found a runed translucent door.
 26499 | Spider:3 | Noticed Thraspic's ghost (adept OpDe)
 27732 | D:15     | Entered Level 15 of the Dungeon
 27817 | D:15     | Found a portal to a secret trove of treasure.
 27906 | D:15     | Found Kekourit's Jewellery Emporium.
 27987 | D:15     | Found a staircase to the Depths.
 28253 | D:15     | Upgraded the game from 0.28-a0-233-gb8ca4b6547 to
                  | 0.28-a0-268-g3f656e82c2
 28341 | D:10     | Bought fire dragon scales for 1620 gold pieces
 28409 | Elf:1    | Entered Level 1 of the Elven Halls
 28576 | Elf:1    | Found a shimmering blue altar of Sif Muna.
 28734 | Elf:1    | Reached XP level 18. HP: 140/170 MP: 21/21
 28791 | Elf:1    | Paralysed by an air elemental for 1 turns
 28870 | Elf:1    | Found a flickering gateway to a bazaar.
 29044 | Elf:1    | Found a radiant altar of Vehumet.
 29410 | Elf:2    | Found Petofo's Weapon Boutique.
 29538 | Elf:2    | Found a runed translucent gate.
 29538 | Elf:2    | Found a runed translucent gate.
 29542 | Elf:2    | Found a runed translucent gate.
 29734 | Elf:2    | Noticed Agnes
 29740 | Elf:2    | Killed Agnes
 30137 | Vaults:1 | Entered Level 1 of the Vaults
 30199 | Vaults:1 | Reached skill level 20 in Unarmed Combat
 31951 | Vaults:1 | Upgraded the game from 0.28-a0-268-g3f656e82c2 to
                  | 0.28-a0-401-ge240ad9e29
 32035 | Vaults:2 | Reached XP level 19. HP: 178/178 MP: 22/22
 32358 | Vaults:2 | Reached skill level 10 in Throwing
 32628 | Vaults:2 | HP: 4/178 [yaktaur captain/bolt (31)]
 33562 | Vaults:3 | Reached skill level 21 in Unarmed Combat
 34095 | Vaults:3 | Acquired 839 gold pieces
 34203 | Vaults:3 | Reached skill level 15 in Fighting
 34283 | Vaults:3 | Found a staircase to the Crypt.
 34283 | Vaults:3 | Found an ancient bone altar of Kikubaaqudgha.
 34284 | Vaults:3 | Found a basalt altar of Yredelemnul.
 34635 | Vaults:3 | Upgraded the game from 0.28-a0-401-ge240ad9e29 to
                  | 0.28-a0-407-g69098e2f6d
 35052 | Vaults:4 | HP: 1/180 [ironbound frostheart/creeping frost (32)]
 35052 | Vaults:4 | Annihilated by a vault warden

Illustrated notes

Levels and vault maps discovered:
D:1:      dpeg_arrival_shelter, layout_loops_ring,
          ebering_ecumenical_altar_hall, hangedman_decor_push
D:2:      layout_basic, basic_altar, kennysheep_potato
D:3:      layout_loops_ring, tgw_xom, mainiacjoe_overflow_catwalk,
          kennysheep_doodads, kennysheep_donut, uniq_terence
D:4:      minmay_door_path, layout_cave_pods, amethyst_overflow_temple_binary
D:5:      layout_loops_ring, minmay_temple_entry_purple_smoke,
          portal_sewer_entry_f, uniq_grinder, uniq_duvessa
D:6:      layout_cave_pods, supply_closet_lemuel, st_stairs_8
D:7:      layout_rooms, zin_academy, nicolae_overflow_hidden_temple
D:8:      layout_cave_pools, mainiacjoe_overflow_24_doors, led_sif_book,
          lair_entry_dummy, minmay_splitting_lines, lemuel_old_faithful,
          uniq_grum
D:9:      layout_stronghold, uniq_erica
D:10:     layout_cave_pools, orc_0_dummy, serial_shops, shop, nzn_random_ring
D:11:     layout_long_grid
D:12:     layout_loops_ring, argonaut_gorgonesque, uniq_josephine, uniq_psyche,
          uniq_sonja
D:13:     layout_rooms, portal_ice_cave_entry_pillars_1
D:14:     layout_roguey, skrybe_vaults_entry_preservation, nicolae_benzene_ring,
          serial_shops, shop, small_statue_intersection, st_stairs_8
D:15:     hangedman_depths_entry_civil_slaughter, layout_cave_pools,
          serial_shops, shop, enter_trove_2
Lair:1:   layout_roguey, ebering_ghost_disaster_area, grunt_megastairs_4
Lair:2:   layout_roguey, lemuel_fruit_fields, grunt_megastairs_3,
          uniq_gastronok, uniq_maggie
Lair:3:   layout_layer_cave, spider_nest_entry_webs, minmay_holes,
          minmay_shattered_shrine, infiniplex_staircase_pool
Lair:4:   layout_regular_city, minmay_shoals_entry_lonely_mermaid,
          gauntlet_entry_generic
Lair:5:   layout_loops_ring, hangedman_tree_tricks
Lair:6:   gammafunk_lair_ancient_temple, layout_regular_city, slime_altar_1
Shoals:1: cheibrodos_shoals_baths, layout_shoals, nicolae_shoals_undead_eyrie
Shoals:2: cheibrodos_shoals_three_sisters, layout_shoals, serial_shops,
          bzr_entry_customers, nicolae_shoals_abyss_on_the_beach,
          uniq_polyphemus, uniq_ilsuiw
Shoals:3: cheibrodos_shoals_satyrical_garden, layout_shoals, serial_shops, shop,
          nicolae_shoals_enchanted_isle, uniq_kirke
Shoals:4: shoals_end_hellmonk_lost_city, serial_shops, uniq_mara
Spider:1: layout_spider_delve
Spider:2: layout_spider_delve, gammafunk_ghost_grave, uniq_arachne
Spider:3: layout_spider_delve, ebering_ghost_inner_flame, uniq_donald,
          uniq_nikola
Spider:4: grunt_spider_rune_circles, nicolae_spider_bug_shape
Orc:1:    layout_caves, nicolae_orc_pool_cavern
Orc:2:    grunt_orc_community_town_hall, layout_diamond_mine,
          grunt_orc_community_big_house_2, grunt_orc_community_big_house_2,
          grunt_orc_community_house_2, grunt_orc_community_house_2,
          grunt_orc_community_house_3, grunt_orc_community_house_2,
          minmay_orc_treasury
Elf:1:    eino_elf_arrival_customs, layout_gridlike, serial_shops, bzr_firewalk,
          hangedman_elven_crosses_minicolossus, drop_trap,
          hangedman_feature_mirror, feat_on_display
Elf:2:    elven_hall_of_blades_hangedman_original
          [nicolae_blade_entry_area_security], layout_rooms, serial_shops,
          nicolae_stop_n_shop_2, grunt_ministairs_2, lemuel_elevator,
          uniq_asterion, uniq_agnes
Vaults:1: v_misc_1, hangedman_vaults_stagger, ontoclasm_vaults_shuriken,
          v_rooms_6, v_alt_pattern_2, vaults_dpeg_cross, v_rooms_2, v_misc_23,
          vaults_dpeg_ring, nicolae_vaults_network_star, vaults_room_octagon,
          vaults_room_pools, nicolae_vaults_diagonal_hallway_6, st_cells,
          layout_vaults_omnibox
Vaults:2: v_misc_8, kb_rosetta, v_misc_16, vaults_dpeg_encased_lava, v_misc_2,
          v_rooms_4, serial_ice_h, nicolae_vaults_rhombus_7,
          vaults_standard_mumra_x, layout_vaults_big_room
Vaults:3: minmay_crypt_entry_necro_gods, v_misc_11, ontoclasm_vaults_chip,
          nicolae_vaults_yaktaur_gun_rack, ontoclasm_vaults_decontamination,
          special_room_vaults [special_room_orc], layout_vaults_omnigrid
Vaults:4: vaults_room_pool, nicolae_vaults_lopsided_apartments,
          vaults_mumra_hex, hangedman_vaults_pinch, v_misc_30, v_misc_9,
          ontoclasm_vaults_ring_small, nicolae_vaults_sealed_display,
          vaults_room_corners, nicolae_vaults_gold_heap,
          layout_vaults_maze_snakey, serial_shops, shop_statue

Skill      XL: |  1  2  3  4  5  6  7  8  9 10 11 12 13 14 15 16 17 18 19 |
---------------+----------------------------------------------------------+-----
Unarmed Combat | 1 2 3 5 7 9 13 15 16 17 18 19 20 21 | 21.3
Fighting       | 2 3 4 5 7 8 9 10 11 12 13 14 15 | 15.1
Shields        | 3 6 9 |  9.0
Evocations     | 3 6 8 9 |  9.0
Throwing       | 4 6 7 8 9 10 | 10.8
Invocations    | 2 4 5 6 |  6.6
Dodging        | 4 6 7 8 |  8.8
Armour         | 4 6 7 8 |  8.5
Stealth        | |  0.3

Action                   |  1- 3 |  4- 6 |  7- 9 | 10-12 | 13-15 | 16-18 | 19-21 || total
-------------------------+-------+-------+-------+-------+-------+-------+-------++-------
Melee: Unarmed           |   122 |   131 |   231 |   271 |   971 |   909 |   333 ||  2968
       Punch             |     1 |       |    16 |       |       |       |       ||    17
Throw: Throwing net      |       |       |     3 |     2 |       |     2 |       ||     7
       Large rock        |       |       |     2 |    10 |    10 |    58 |    13 ||    93
       Dart              |       |       |       |     8 |     5 |       |       ||    13
Invok: Recall Ancestor   |     1 |       |     1 |     1 |     2 |     1 |     1 ||     7
       Ancestor Identity |     1 |       |       |       |       |     1 |       ||     2
       Ancestor Life: Ba |       |     1 |       |       |       |       |       ||     1
       Transference      |       |       |       |       |       |     1 |       ||     1
 Abil: Evoke Invisibilit |       |       |       |       |       |     3 |       ||     3
Evoke: Wand              |       |       |       |     9 |    11 |    29 |     5 ||    54
       Condenser vane    |       |       |       |       |     3 |     3 |     2 ||     8
       Piece from Xom's  |       |       |       |       |     5 |     5 |     1 ||    11
  Use: Scroll            |     4 |     1 |     6 |     9 |    16 |     8 |     3 ||    47
       Potion            |       |       |       |       |     4 |    10 |     2 ||    16
 Stab: Sleeping          |       |     2 |       |       |       |       |       ||     2
       Distracted        |       |     1 |     2 |     5 |     7 |    16 |     1 ||    32
       Held in net/web   |       |       |     1 |       |       |     2 |       ||     3
       Paralysed         |       |       |       |       |     3 |     2 |       ||     5
       Petrified         |       |       |       |       |     1 |       |       ||     1
       Invisible         |       |       |       |       |       |     4 |       ||     4
Armor: Robe              |    66 |    31 |    65 |    15 |       |       |       ||   177
       Swamp dragon scal |       |       |       |    45 |   352 |   376 |       ||   773
       Fire dragon scale |       |       |       |       |       |   107 |   102 ||   209
Dodge: Dodged            |    66 |    56 |    88 |    79 |   255 |   317 |    97 ||   958
Block: Kite shield       |       |       |       |    80 |   390 |   465 |   136 ||  1071
       Reflection        |       |       |       |       |       |    71 |    14 ||    85

Table legend: (Time is in decaauts)
 A = Elapsed time spent in this place.
 B = Non-inter-level travel time spent in this place.
 C = Inter-level travel time spent in this place.
 D = Time resting spent in this place.
 E = Time spent auto-exploring this place.
 F = Levels seen in this place.
 G = Mean time per level.
                   A        B        C        D        E       F      G
               +--------+--------+--------+--------+--------+-----+--------+
         Total |  34534 |  31686 |   2848 |   7135 |  15353 |  40 |  863.3 |
       Dungeon |  14003 |  12672 |   1331 |   2842 |   7497 |  15 |  933.5 |
          Lair |   6954 |   6432 |    522 |   1160 |   4176 |   6 | 1159.0 |
        Shoals |   2495 |   2288 |    207 |    791 |     60 |   4 |  623.8 |
   Spider Nest |   1930 |   1756 |    174 |    697 |      0 |   4 |  482.5 |
  Orcish Mines |   1982 |   1528 |    454 |    135 |    540 |   2 |  991.0 |
   Elven Halls |   1586 |   1477 |    109 |     93 |    645 |   2 |  793.0 |
        Vaults |   4702 |   4654 |     48 |   1159 |   2434 |   4 | 1175.5 |
        Bazaar |     91 |     91 |      0 |      0 |      0 |   1 |   91.0 |
      Ice Cave |    355 |    355 |      0 |     60 |      0 |   1 |  355.0 |
      Gauntlet |    432 |    432 |      0 |    198 |      0 |   1 |  432.0 |
               +--------+--------+--------+--------+--------+-----+--------+

Top non-repeatable levels by time:
Vaults:1: 1763 daAuts
  Lair:4: 1529 daAuts
Spider:4: 1523 daAuts
  Lair:3: 1513 daAuts
     D:6: 1432 daAuts
Vaults:2: 1425 daAuts
     D:4: 1413 daAuts
     D:9: 1350 daAuts
Vaults:3: 1331 daAuts
  Lair:1: 1304 daAuts
   Orc:2: 1176 daAuts
    D:14: 1176 daAuts
     D:3: 1175 daAuts
     D:2: 1110 daAuts
   Elf:1: 1090 daAuts
